 Dungeon Crawl Stone Soup version 5.1-80-g04056d8 (webtiles) character file.

67 Beatriz the Cleaver (level 12, -1/121 HPs) *CASUAL*
             Began as a Demonspawn Fighter on Nov 10, 2017.
             Was an Elder of Hepliaklqana.
             Slain by an orc warrior
             ... wielding a +0 glaive
              (29 damage)
             ... on level 11 of the Dungeon on Nov 11, 2017.
             The game lasted 00:32:30 (10588 turns).

Beatriz the Cleaver (Demonspawn Fighter)           Turns: 10588, Time: 00:32:30

Health: -1/121     AC: 26 (48%)Str: 22  XL:     12   Next: 31%
Magic:  12/12      EV:  2    Int:  4    God:    Hepliaklqana [4*[115]]
Gold:   980        SH: 11    Dex: 13    Spells: 11/11 levels left

rFire    . . .     SeeInvis .   o - +7 demon trident "Tystrat" {drain, +Fly rElec rPois Int-5}
rCold    . . .     Faith    .   c - +0 shield
rNeg     + + +     Spirit   .   (armour currently unavailable)
rPois    +         Reflect  .   (helmet currently unavailable)
rElec    +         NoTele   +   (cloak currently unavailable)
rCorr    .                      (gloves currently unavailable)
MR       ++...                  (boots currently unavailable)
Stlth    ++........             (no amulet)
Regen    0.3/turn               q - ring of positive energy
MPRegen  0.2/turn               r - ring of protection from magic

@: tree-form, very slightly contaminated, hasted, very quick
A: reduced essence, blurry vision 1, magic resistance 1
a: Recall Ancestor, Ancestor Identity, Transference, Idealise, Renounce Religion


You were on level 11 of the Dungeon.
You worshipped Hepliaklqana.
Hepliaklqana was greatly pleased with you.
You were not hungry.
You were a tree.
You visited 1 branch of the dungeon, and saw 11 of its levels.
You also visited: Ossuary.

You collected 980 gold pieces.

Inventory:

Hand Weapons
 o - the +7 demon trident "Tystrat" (weapon) {drain, +Fly rElec rPois Int-5}
   (You acquired it in an ossuary)

   A truly terrible weapon, it drains the life of those it strikes.
   It affects your intelligence (-5).
   It insulates you from electricity.
   It protects you from poison.
   It lets you fly.
Armour
 c - a +0 shield (worn)
 e - a +0 pair of gloves (melded)
 k - a +3 scale mail (melded)
Jewellery
 q - a ring of positive energy (left branch)
 r - a ring of protection from magic (right branch)
Wands
 t - a wand of enslavement (8)
 w - a wand of disintegration (12)
Scrolls
 a - 2 scrolls of blinking
 g - 2 scrolls of fear
 i - 2 scrolls of enchant weapon
 j - 6 scrolls of enchant armour
 n - 4 scrolls of amnesia
 p - 4 scrolls of teleportation
 u - a scroll of magic mapping
 v - 4 scrolls of fog
Potions
 d - 3 potions of augmentation
 f - a potion of magic
 h - 2 potions of lignification
 l - a potion of haste
 m - 3 potions of resistance
 s - a potion of cancellation


   Skills:
 + Level 7.1 Fighting
 * Level 10.3(11.9) Axes
 + Level 9.9(11.7) Polearms
 * Level 8.5 Armour
 + Level 3.3 Dodging
 + Level 3.1 Stealth
 + Level 6.5 Shields


You had 11 spell levels left.
You didn't know any spells.

Dungeon Overview and Level Annotations

Branches:
Dungeon (11/15)

Altars:
Cheibriados
Dithmenos
Elyvilon
Gozag
Hepliaklqana
Jiyva
Kikubaaqudgha
Makhleb
Okawaru
Qazlal
Ru
Sif Muna
Trog
Uskayaw
Vehumet
Xom
Yredelemnul
Zin
The Shining One

Shops:
D:11 (


Innate Abilities, Weirdness & Mutations

((You have razor-sharp toenails.))
((You are mostly covered in large bone plates. (SH +6)))
Your life essence is reduced. (-10% HP)
Scrolls take you a little longer to read.
You are resistant to hostile enchantments. (MR+)


Message History

Press: ? - help, Dir - move target cursor, f - orc
Aim: an orc (unusually strong)
You reach to attack!
You closely miss the orc.
The orc warrior hits you from afar with a +0 glaive (23)!!
* * * LOW HITPOINT WARNING * * *
You feel better.
You feel better.
The orc warrior no longer looks unusually strong.
The orc no longer looks unusually strong.
The orc warrior hits you from afar with a +0 glaive (9)!
* * * LOW HITPOINT WARNING * * *
You feel better.
The orc no longer looks unusually strong. x2
You block the orc warrior's attack. You block the orc's attack.
Okay, then.
Okay, then.
You puncture the orc warrior (10)! You drain the orc warrior (2)!
The orc warrior is heavily wounded.
The orc warrior hits you from afar with a +0 glaive (29)!!
You die...

##############
#............##########
#............'o#ooo....
#...........R#♣ooooo.$.
#...........)###ooo.$$.
#............#


ooO.... #............# ...$$.$ #............# $.?.$.. #.......)....# ..o....
########)##### ..o..$. #..# ...o.$. ##.# You could see 2 orc warriors, an ogre
and 11 orcs.

Vanquished Creatures
  An orc knight (D:11)
  An ugly thing (D:11)
  3 spiny frogs (D:10)
  2 polar bears (D:10)
  3 blink frogs (D:11)
  6 yaks
  A black mamba skeleton (D:10)
  A wyvern (D:7)
  An angry ghost (D:9)
  Menkaure (D:8)
  A water moccasin (D:6)
  An acid dragon (D:10)
  A spiny frog skeleton (D:9)
  A wasp (D:8)
  2 ice beasts (D:10)
  2 black bears
  4 ogres
  6 orc warriors
  3 wolves (D:10)
  4 centaurs
  An elf zombie (Ossuary)
  A gnoll sergeant (D:8)
  2 wyvern zombies
  2 wyvern skeletons
  A scorpion (D:3)
  8 killer bees
  A crimson imp (D:9)
  5 wights (D:10)
  A howler monkey (D:5)
  2 electric eels (D:10)
  3 centaur zombies
  A quasit (D:8)
  6 orc priests
  5 hounds
  3 jellies
  4 orc wizards
  A hexer (D:10)
  2 worker ants (D:4)
  An iguana (D:6)
  A killer bee zombie (D:8)
  2 big kobold zombies (Ossuary)
  A wasp simulacrum (D:10)
  A hound zombie (Ossuary)
  A hound skeleton (D:6)
  A mummy (Ossuary)
  Samantha (D:2)
  2 gnolls (D:8)
  6 adders
  A shadow imp (D:6)
  A white imp (D:10)
  An ufetubus (D:10)
  An adder skeleton (D:4)
  3 dart slugs
  31 orcs
  5 quokkas
  5 bats
  2 giant cockroaches (D:1)
  3 gnoll zombies (Ossuary)
  12 goblins
  12 hobgoblins
  12 jackals
  2 ball pythons
  4 frilled lizards
  2 goblin zombies (Ossuary)
  A hobgoblin zombie (Ossuary)
  7 kobolds
  A kobold zombie (Ossuary)
  8 rats
225 creatures vanquished.

Vanquished Creatures (collateral kills)
  A yak (D:8)
  A steam dragon (D:10)
  An orc warrior (D:11)
  A black bear (D:11)
  An elf zombie (Ossuary)
  A scorpion (D:3)
  A crimson imp (D:9)
  A killer bee (D:10)
  A centaur skeleton (D:9)
  3 mummies (Ossuary)
  An adder (D:5)
  A gnoll (D:8)
  An orc (D:7)
15 creatures vanquished.

Vanquished Creatures (others)
  2 hexers
  A white imp (D:10)
3 creatures vanquished.

Grand Total: 243 creatures vanquished

Notes
Turn   | Place    | Note
-------+----------+-------------------------------------------
     0 | D:1      | Beatriz the Demonspawn Fighter began the quest for the Orb.
     0 | D:1      | Reached XP level 1. HP: 18/18 MP: 1/1
    54 | D:1      | Gained mutation: You have sharp toenails. [demonic ancestry]
    54 | D:1      | Reached XP level 2. HP: 8/24 MP: 2/2
   787 | D:1      | Reached skill level 2 in Axes
   808 | D:1      | Reached XP level 3. HP: 28/29 MP: 3/3
  1475 | D:2      | Found a snail-covered altar of Cheibriados.
  1485 | D:2      | Reached XP level 4. HP: 35/35 MP: 4/4
  1535 | D:2      | Noticed Samantha
  1542 | D:2      | Reached skill level 3 in Axes
  1551 | D:2      | Killed Samantha
  2023 | D:2      | Found a basalt altar of Yredelemnul.
  2096 | D:2      | Reached XP level 5. HP: 41/41 MP: 5/5
  2218 | D:2      | Found a stormy altar of Qazlal.
  2308 | D:2      | Found a faded altar of an unknown god.
  2471 | D:3      | Reached skill level 4 in Axes
  2479 | D:3      | Reached XP level 6. HP: 29/48 MP: 6/6
  2880 | D:3      | Found an iron altar of Okawaru.
  2881 | D:3      | Found an opulent altar of Gozag.
  2882 | D:3      | Found a snail-covered altar of Cheibriados.
  2882 | D:3      | Found a burning altar of Makhleb.
  2882 | D:3      | Found a glowing golden altar of the Shining One.
  2896 | D:3      | Reached skill level 5 in Axes
  2955 | D:3      | Found a deep blue altar of Sif Muna.
  2955 | D:3      | Found an ancient bone altar of Kikubaaqudgha.
  2956 | D:3      | Found a bloodstained altar of Trog.
  2995 | D:3      | Reached skill level 1 in Dodging
  3024 | D:3      | Found a viscous altar of Jiyva.
  3059 | D:3      | Found a burning altar of Makhleb.
  3129 | D:3      | Found a hazy altar of Hepliaklqana.
  3148 | D:3      | Became a worshipper of Hepliaklqana the Forgotten
  3329 | D:3      | Gained mutation: You are partially covered in large bone plates. (SH +4) [demonic ancestry]
  3329 | D:3      | Reached XP level 7. HP: 33/47 MP: 7/7
  3711 | D:4      | Found an opulent altar of Gozag.
  3804 | D:4      | Found a shimmering altar of Xom.
  4264 | D:4      | Reached * piety under Hepliaklqana
  4508 | D:5      | Entered Level 5 of the Dungeon
  4524 | D:5      | Found a glowing silver altar of Zin.
  4583 | D:5      | Found a sand-covered staircase.
  4588 | Ossuary  | Entered an ossuary
  4594 | Ossuary  | Reached skill level 6 in Axes
  4598 | Ossuary  | Reached XP level 8. HP: 54/54 MP: 8/8
  4601 | Ossuary  | Reached skill level 5 in Armour
  4698 | Ossuary  | Reached skill level 7 in Axes
  4749 | Ossuary  | Gained mutation: Scrolls take you a little longer to read. [potion of mutation]
  4749 | Ossuary  | Gained mutation: You are resistant to hostile enchantments. (MR+) [potion of mutation]
  4763 | Ossuary  | Got the +7 demon trident "Tystrat" {drain, +Fly rElec rPois Int-5}
  5597 | D:5      | Reached skill level 1 in Polearms
  5600 | D:5      | Reached skill level 8 in Axes
  5661 | D:5      | Found a sacrificial altar of Ru.
  5893 | D:5      | Reached ** piety under Hepliaklqana
  6065 | D:6      | Reached skill level 1 in Stealth
  6065 | D:6      | Gained mutation: You are mostly covered in large bone plates. (SH +6) [demonic ancestry]
  6065 | D:6      | Reached XP level 9. HP: 48/59 MP: 9/9
  6423 | D:6      | Found a radiant altar of Vehumet.
  6613 | D:6      | Noticed a dagger
  6614 | D:6      | Noticed a dagger
  6615 | D:6      | Found a hide-covered altar of Uskayaw.
  7298 | D:7      | Reached *** piety under Hepliaklqana
  7335 | D:7      | Found a shadowy altar of Dithmenos.
  7349 | D:7      | Reached skill level 5 in Fighting
  7379 | D:7      | Found a sacrificial altar of Ru.
  7379 | D:7      | Found a white marble altar of Elyvilon.
  7659 | D:7      | Gained mutation: You have razor-sharp toenails. [demonic ancestry]
  7659 | D:7      | Reached XP level 10. HP: 66/66 MP: 10/10
  7823 | D:8      | Noticed Menkaure
  7826 | D:8      | Killed Menkaure
  7826 | D:8      | Reached skill level 5 in Polearms
  7860 | D:8      | Remembered your ancestor murphy as a hexer
  7875 | D:8      | Reached skill level 5 in Shields
  8006 | D:8      | Reached skill level 9 in Axes
  8670 | D:9      | Reached **** piety under Hepliaklqana
  9071 | D:9      | Reached XP level 11. HP: 67/72 MP: 11/11
  9249 | D:10     | Entered Level 10 of the Dungeon
 10120 | D:10     | Reached skill level 10 in Axes
 10461 | D:11     | Reached XP level 12. HP: 80/80 MP: 12/12
 10509 | D:11     | Found Pumiep's Antique Weapon Emporium.
 10588 | D:11     | Slain by an orc warrior

Skill      XL: |  1  2  3  4  5  6  7  8  9 10 11 12 |
---------------+-------------------------------------+-----
Shields        | 3 4 5 6 |  6.5
Axes           | 2 3 4 5 6 8 9 10 | 10.3
Armour         | 3 4 5 6 7 8 |  8.5
Dodging        | 1 2 3 |  3.3
Fighting       | 4 5 6 7 |  7.1
Polearms       | 1 4 7 9 |  9.9
Stealth        | 1 2 3 |  3.1

Action                   |  1- 3 |  4- 6 |  7- 9 | 10-12 || total
-------------------------+-------+-------+-------+-------++-------
Melee: War axe           |    89 |   118 |    43 |       ||   250
       Kick              |    12 |    23 |    34 |    56 ||   125
       Demon trident     |       |       |    95 |   273 ||   368
Invok: Ancestor Identity |       |     1 |       |       ||     1
       Ancestor Life: He |       |       |       |     1 ||     1
  Use: Scroll            |       |       |     3 |       ||     3
       Potion            |       |       |     1 |     9 ||    10
 Stab: Confused          |       |       |       |     3 ||     3
       Distracted        |       |       |       |     2 ||     2
Armor: Scale mail        |    40 |    53 |    37 |    44 ||   174
       Skin              |       |       |       |     1 ||     1
Dodge: Dodged            |    36 |    39 |    14 |    45 ||   134
Block: Shield            |    58 |    76 |    68 |   134 ||   336
